 Dungeon Crawl Stone Soup version 0.19.5 (webtiles) character file.

971 McKennaii the Slasher (level 7, -7/55 HPs)
             Began as a Demonspawn Abyssal Knight on Apr 25, 2017.
             Was a Believer of Lugonu.
             Mangled by a wight
             ... wielding a +3 falchion
              (8 damage)
             ... on level 6 of the Dungeon.
             The game lasted 00:11:28 (4221 turns).

McKennaii the Slasher (Demonspawn Abyssal Knight)   Turns: 4221, Time: 00:11:28

Health: -7/55      AC:  6    Str: 13    XL:     7   Next: 94%
Magic:  0/9        EV:  9    Int: 13    God:    Lugonu [**....]
Gold:   428        SH:  0    Dex: 14    Spells: 0 memorised, 6 levels left

rFire  + . .     SeeInvis .     a - +1 falchion
rCold  . . .     Gourm    .     d - +0 scale mail {rF+}
rNeg   . . .     Faith    .     (no shield)
rPois  .         Spirit   +     (helmet restricted)
rElec  .         Reflect  .     (no cloak)
rCorr  .         Harm     .     (no gloves)
MR     .....                    (no boots)
Stlth  ..........               t - amulet of rage
                                v - ring of flight
                                (no ring)

@: exhausted, heavily drained
A: horns 1, talons 1, spiny 1, magic shield
a: Depart the Abyss, Bend Space, Renounce Religion, Evoke Berserk Rage, Evoke
Flight


You were on level 6 of the Dungeon.
You worshipped Lugonu.
Lugonu was pleased with you.
You were near starving.

You visited 1 branch of the dungeon, and saw 6 of its levels.
You visited the Abyss 1 time.

You collected 428 gold pieces.

Inventory:

Hand Weapons
 a - a +1 falchion (weapon)
Armour
 d - a +0 scale mail of fire resistance (worn)
Jewellery
 r - an uncursed amulet of magic regeneration
 t - an amulet of rage (around neck)
 v - a ring of flight (right hand)
Wands
 p - a wand of slowing (15/48)
 A - a wand of flame (29/48)
Scrolls
 b - 3 scrolls of remove curse
 e - 2 scrolls of identify {unknown}
 f - 4 scrolls of enchant weapon {unknown}
 h - a scroll of noise {unknown}
 j - a scroll of fear {unknown}
 o - a scroll of magic mapping {unknown}
 q - a scroll of blinking {unknown}
 s - 3 scrolls of recharging {unknown}
 y - a scroll of random uselessness {unknown}
 D - a scroll of fog {unknown}
Potions
 g - 2 potions of might {unknown}
 i - 4 potions of flight {unknown}
 k - 2 potions of curing {unknown}
 l - 2 potions of degeneration {unknown}
 m - 2 potions of heal wounds {unknown}
 u - 2 potions of mutation {unknown}
 w - a potion of magic {unknown}
 z - a potion of lignification {unknown}
Books
 B - a book of Misfortune

   Spells                             Type                      Level
   a - Confusing Touch                Hexes                        1
   b - Confuse                        Hexes                        3
   c - Gell's Gravitas                Hexes/Translocation          3
   d - Petrify                        Transmutation/Earth          4
   e - Metabolic Englaciation         Hexes/Ice                    5
   f - Yara's Violent Unravelling     Hexes/Transmutation          5
Comestibles
 c - 6 bread rations
 n - a slice of pizza
 x - a meat ration
 C - 2 fruits


   Skills:
 + Level 4.6(2.4) Fighting
 + Level 5.7(3.5) Long Blades
 + Level 4.4(2.2) Armour
 + Level 2.7(0.7) Dodging
 + Level 0.8(0.0) Stealth
 + Level 2.9(0.9) Invocations
 + Level 0.8(0.0) Evocations


You had 6 spell levels left.
You didn't know any spells.

Dungeon Overview and Level Annotations

Branches:
Dungeon (6/15)
 Temple: D:4-7

Altars:
Cheibriados
Fedhas
Hepliaklqana
Kikubaaqudgha
Makhleb
Sif Muna
Uskayaw
Yredelemnul
The Shining One

Annotations:
D:4 Edmund


Innate Abilities, Weirdness & Mutations

You have a pair of small horns on your head.
You have sharp toenails.
You are partially covered in sharp spines.
When hurt, damage is shared between your health and your magic reserves.


Message History

You feel drained.
You hit the wight but do no damage. You claw the wight, but do no damage.
You headbutt the wight.
The wight is heavily damaged.
The wight hits you with an enchanted falchion.
* * * LOW HITPOINT WARNING * * *
You feel drained.
You closely miss the wight.
The wight is heavily damaged.
You feel yourself speed up.
The wight hits you with an enchanted falchion.
* * * LOW HITPOINT WARNING * * *
You feel drained. The wight is struck by your spines.
The wight hits you with an enchanted falchion.
* * * LOW HITPOINT WARNING * * *
You hit the wight. Your kick misses the wight.
You headbutt the wight, but do no damage.
The wight is severely damaged.
The wight hits you with an enchanted falchion!
You die...

#...........#.#
...#.#####)#.# #.#
###.#.#####.#.#
#.#.#...........#.#
#...#..........##.#
#..............# ..
...............#
#######
..........z....#
#.....#
#........@.....#
#.###.#
.#+#..........# #.#
#.# #.....#'######
#.# #.# #####.#.# #.#
#.# ..#.###### #.#
#.# #.. #.##......#
#.# #.# #.. ..
#......# #.# #.#
#.#####.##......#
#.###'###
#####....####..#....#
#.......#


You could see a wight.

Vanquished Creatures
  Grinder (D:3)
  An ice beast (D:6)
  A phantom (D:5)
  An ogre (D:4)
  4 wights (D:6)
  An orc priest (D:3)
  An orc wizard (D:3)
  4 worker ants (D:5)
  A howler monkey skeleton (D:4)
  9 adders
  An ooze (D:1)
  3 worms
  2 dart slugs (D:1)
  A leopard gecko (D:2)
  11 orcs (D:3)
  5 giant cockroaches
  4 goblins
  9 hobgoblins
  4 jackals (D:2)
  3 quokkas
  6 bats
  9 frilled lizards
  5 kobolds (D:1)
  A quokka zombie (D:6)
  13 rats
101 creatures vanquished.

Notes
Turn   | Place    | Note
-------+----------+-------------------------------------------
     0 | Abyss:1  | McKennaii the Demonspawn Abyssal Knight began the quest for the Orb.
     0 | Abyss:1  | Reached XP level 1. HP: 18/18 MP: 2/2
     5 | Abyss:1  | Found a corrupted altar of Lugonu.
    61 | Abyss:2  | Noticed a starcursed mass
    70 | D:1      | Escaped the Abyss
   102 | D:1      | Reached * piety under Lugonu
   212 | D:1      | Gained mutation: You have sharp toenails. [demonic ancestry]
   212 | D:1      | Reached XP level 2. HP: 21/24 MP: 4/4
   327 | D:1      | Reached skill level 2 in Long Blades
   363 | D:1      | Found a snail-covered altar of Cheibriados.
   497 | D:1      | Reached XP level 3. HP: 3/29 MP: 5/5
  1238 | D:2      | Found a basalt altar of Yredelemnul.
  1243 | D:2      | Found a hide-covered altar of Uskayaw.
  1245 | D:2      | Found a blossoming altar of Fedhas.
  1247 | D:2      | Found a glowing golden altar of the Shining One.
  1247 | D:2      | Found a deep blue altar of Sif Muna.
  1615 | D:2      | Gained mutation: You have a pair of small horns on your head. [demonic ancestry]
  1615 | D:2      | Reached XP level 4. HP: 30/35 MP: 6/6
  2012 | D:3      | Reached skill level 1 in Dodging
  2272 | D:3      | Reached skill level 3 in Long Blades
  2275 | D:3      | Reached ** piety under Lugonu
  2320 | D:3      | Noticed Grinder
  2328 | D:3      | Killed Grinder
  2328 | D:3      | Reached skill level 4 in Long Blades
  2328 | D:3      | Reached XP level 5. HP: 42/42 MP: 7/7
  2328 | D:3      | Gained mutation: You are partially covered in sharp spines. [demonic ancestry]
  2328 | D:3      | Reached XP level 6. HP: 48/48 MP: 8/8
  2386 | D:3      | Found a hazy altar of Hepliaklqana.
  2735 | D:4      | Noticed Edmund
  2913 | D:4      | Found an ancient bone altar of Kikubaaqudgha.
  3315 | D:5      | Entered Level 5 of the Dungeon
  3323 | D:5      | Gained mutation: When hurt, damage is shared between your health and your magic reserves. [demonic ancestry]
  3323 | D:5      | Reached XP level 7. HP: 46/54 MP: 9/9
  3470 | D:5      | Reached skill level 5 in Long Blades
  3523 | D:5      | Found a burning altar of Makhleb.
  4220 | D:6      | HP: 1/55 [wight/enchanted falchion (3)]
  4221 | D:6      | Mangled by a wight

Skill      XL: |  1  2  3  4  5  6  7 |
---------------+----------------------+-----
Armour         | 2 3 4 |  4.4
Long Blades    | 2 4 5 |  5.7
Dodging        | 1 2 |  2.7
Fighting       | 4 |  4.6
Stealth        | |  0.8
Invocations    | |  2.9
Evocations     | |  0.8

Action                   |  1- 3 |  4- 6 |  7- 9 || total
-------------------------+-------+-------+-------++-------
Melee: Falchion          |   142 |    94 |    82 ||   318
       Kick              |    27 |    30 |    26 ||    83
       Headbutt          |       |    25 |    15 ||    40
Invok: Depart the Abyss  |     1 |       |       ||     1
 Abil: Evoke Berserk Rag |       |     1 |     1 ||     2
  Use: Scroll            |       |       |     2 ||     2
  Eat: Meat ration       |     1 |     1 |       ||     2
       Chunk             |       |       |     1 ||     1
Armor: Scale mail        |    68 |    43 |    14 ||   125
       Leather armour    |     1 |       |       ||     1
Dodge: Dodged            |    64 |    40 |    23 ||   127
       Rpst.: Falchion   |    18 |    13 |     7 ||    38
